AoeStats
← LM | TornardoBriese

Golden Pit

508713104Analyzed
1v1 RM · 8d ago on Sep 23, 2026· 31m 29s· 2 players
Game mode
Random Map
Map size
Tiny (2 player)
Population
200
Speed
Normal
Resources
Standard
Victory
Conquest
Starting age
Dark Age
Ending age
Imperial Age
RankedLock teamsTeams togetherTeam positionsShared explorationLock speedFull tech treeHidden civsTurbo modeCheats
Victory
Defeat
🇨🇭 Saxons · Switzerland
1149
+13
🇬🇧 Varangians · United Kingdom
1091
-13
Anicient Bolt
6:23 Loom
9:13 Feudal Age
9:24 Man-at-Arms
19:22 Castle Age
20:28 Squires
24:23 Scale Mail Armor
27:00 Town Watch
28:08 Gambesons
28:08 Arson
30:05 Chain Mail Armor
30:58 Fletching
LM | TornardoBriese
6:35 Loom
8:59 Feudal Age
12:36 Double-Bit Axe
22:22 Castle Age
21:05 Horse Collar
22:57 Fletching
23:34 Bow Saw
23:53 Padded Archer Armor
23:58 Husbandry
24:18 Gold Mining
27:25 Bodkin Arrow
29:29 Leather Archer Armor
31:58 Ballistics
Connection lost

Rejoining the realm…

Still unreachable

The connection could not be restored.

Session expired

The server has moved on; the page needs a fresh start.